Map: Dusty Gorge

Players

Paisan - Winner!

  • Race: Terran Terran
  • Spawn Location: 9:00

PureLegacy - Winner!

  • Race: Terran Terran
  • League: Master
  • Spawn Location: 11:00

LingaZing

  • Race: Terran Terran
  • Spawn Location: 3:00

BruceLee

  • Race: Terran Terran
  • Spawn Location: 5:00

VOD

Have the link to the VOD?

Description

Time

  • Played on: Dec. 6, 2018, 12:28 p.m.
  • Length: 4:21
Show
View Real Time Build Order
Export as new Build Order

Paisan Terran - Winner!

Build Orders:  

Get SALT Encoding   

  12  0:01  SCV  
  13  0:13  SCV  
  14  0:23  Supply Depot  
  14  0:25  SCV  
  15  0:36  Refinery  
  15  0:44  SCV  
  15  0:49  Barracks  
  16  0:56  SCV  
  17  1:12  Barracks  
  17  1:16  Refinery  
  17  1:20  SCV  
  18  1:40  Orbital Command  
  18  1:41  Barracks Reactor  
  18  1:53  Supply Depot  
  18  2:06  Barracks Reactor, SCV  
  19  2:18  Reaper x2  
  19  2:19  SCV  
  22  2:31  SCV  
  23  2:43  SCV  
  23  2:45  Reaper x2  
  18  3:09  SCV  
  18  3:12  Reaper x2  
  21  3:17  Reaper x2  
Show
View Real Time Build Order
Export as new Build Order

PureLegacy Terran - Winner!

Build Orders:  

Get SALT Encoding   

  12  0:01  SCV  
  13  0:13  SCV  
  14  0:19  Supply Depot  
  14  0:25  SCV  
  15  0:30  Refinery  
  15  0:40  SCV  
  16  0:46  Barracks  
  16  0:52  SCV  
  17  1:03  Barracks  
  17  1:17  Barracks  
  17  1:22  SCV  
  18  1:34  Reaper  
  19  1:40  Orbital Command  
  19  1:51  Refinery  
  19  1:52  Reaper  
  20  2:04  Supply Depot  
  20  2:06  Reaper  
  21  2:12  Reaper  
  22  2:17  SCV  
  23  2:28  Reaper  
  23  2:30  SCV  
  23  2:33  Supply Depot  
  24  2:38  Reaper  
  24  2:42  SCV  
  24  2:44  Reaper  
  27  3:01  Barracks  
  27  3:02  Barracks  
  27  3:04  Reaper  
  28  3:13  Reaper  
  28  3:16  SCV  
  28  3:19  Reaper  
  31  3:24  Supply Depot  
  31  3:30  SCV  
  32  3:36  Reaper  
  33  3:45  Reaper  
  37  4:10  Command Center  
Show
View Real Time Build Order
Export as new Build Order

LingaZing Terran 

Build Orders:  

Get SALT Encoding   

  12  0:04  SCV  
  13  0:16  SCV  
  14  0:23  Supply Depot  
  14  0:29  SCV  
  15  0:44  SCV  
  15  0:46  Barracks  
  16  0:50  Refinery  
  16  0:56  SCV  
  17  1:02  Barracks  
  17  1:10  SCV  
  18  1:22  SCV  
  19  1:29  Refinery, Barracks  
  19  1:34  Reaper  
  20  1:44  Supply Depot  
  20  1:48  SCV  
  20  1:52  Reaper  
  22  2:00  SCV  
  23  2:09  Reaper  
  23  2:13  SCV  
  25  2:17  Reaper  
  26  2:28  SCV  
  27  2:31  Supply Depot  
  27  2:33  Reaper  
  28  2:41  Reaper  
  29  2:44  SCV  
  29  2:49  Reaper  
  29  3:05  Reaper  
  29  3:07  Orbital Command  
  29  3:22  Reaper x2  
  30  3:36  Command Center  
  30  3:38  Reaper  
  31  3:47  SCV  
Show
View Real Time Build Order
Export as new Build Order

BruceLee Terran 

Build Orders:  

Get SALT Encoding   

  12  0:02  SCV  
  13  0:14  SCV  
  14  0:21  Supply Depot  
  14  0:27  SCV  
  15  0:43  Barracks  
  15  0:54  Barracks  
  15  1:00  Refinery  
  15  1:07  Refinery  
  15  1:11  SCV  
  16  1:23  SCV  
  17  1:35  SCV  
  18  1:44  Reaper  
  19  1:50  Reaper  
  19  1:53  Orbital Command  
  20  2:12  Factory  
  20  2:19  SCV  
  21  2:23  Supply Depot  
  21  3:00  Factory Reactor  
  21  3:05  Starport  
  19  3:16  SCV  
  20  3:28  SCV  
  21  3:38  Hellion x2  
  25  3:46  Barracks Tech Lab  
  28  3:56  Factory  
  28  3:59  Hellion  
Tags
 
Add a new tag
Caveats
  • Supply blocks, unpowered buildings, or Contaminate may cause inaccurate times.
  • Supply counts are checked every 10 seconds.